AoeStats
← SpackEye

Black Forest

503148686Analyzed
3v3 RM · 3mo ago on Aug 30, 2026· 43m 7s· 6 players
Game mode
Random Map
Map size
Normal (6 player)
Population
200
Speed
Normal
Resources
Standard
Victory
Conquest
Starting age
Dark Age
Ending age
Imperial Age
RankedLock teamsTeams togetherTeam positionsShared explorationLock speedFull tech treeHidden civsTurbo modeCheats
Victory
Defeat
🇮🇹 Portuguese · Italy
908
+42
🇮🇹 Turks · Italy
839
+19
🇮🇹 Khmer · Italy
837
+19
vs
🇬🇧 Portuguese · United Kingdom
909
-18
🇨🇱 Malay · Chile
904
-18
🇨🇳 Lithuanians · China
877
-17
maRtin993♪
SpackEye
9:02 Loom
11:59 Feudal Age
18:56 Castle Age
16:44 Double-Bit Axe
16:41 Horse Collar
22:25 Bow Saw
25:52 Wheelbarrow
34:21 Imperial Age
36:09 Chemistry
35:33 Ballistics
35:19 Siege Engineers
40:18 Arquebus
41:29 Conscription
42:00 Theocracy
xRorro96x
SirKillaBot
DragonPlus12
12:45 Feudal Age
16:26 Castle Age
15:10 Loom
16:01 Double-Bit Axe
15:58 Horse Collar
21:14 Bow Saw
25:35 Fervor
27:51 Heavy Plow
29:09 Wheelbarrow
32:10 Imperial Age
32:28 Gold Mining
32:29 Stone Mining
33:07 Husbandry
33:17 Bloodlines
32:40 Capped Ram
33:33 Elite Skirmisher
34:51 Fletching
36:10 Conscription
36:05 Bodkin Arrow
36:11 Padded Archer Armor
36:12 Scale Mail Armor
37:03 Bracer
38:16 Elite Battle Elephant
40:05 Hand Cart
41:42 Tusk Swords
gruntdarvish
13:38 Feudal Age
16:07 Wheelbarrow
20:34 Arson
25:02 Castle Age
24:00 Horse Collar
24:11 Double-Bit Axe
25:59 Pikeman
35:07 Husbandry
35:18 Bloodlines
36:10 Light Cavalry
Connection lost

Rejoining the realm…

Still unreachable

The connection could not be restored.

Session expired

The server has moved on; the page needs a fresh start.